 Dungeon Crawl Stone Soup version 0.22-a0-407-gb098539 (webtiles) character file.

51 iamserjio the Slasher (level 3, -5/30 HPs)
             Began as a Minotaur Gladiator on May 9, 2018.
             Slain by a gnoll
             ... wielding a +0 spear
              (9 damage)
             ... on level 2 of the Dungeon.
             The game lasted 00:01:50 (618 turns).

iamserjio the Slasher (Minotaur Gladiator)           Turns: 618, Time: 00:01:50

Health: -5/30      AC:  6    Str: 18    XL:     3   Next: 57%
Magic:  2/2        EV: 18    Int: 10    God:
Gold:   96         SH:  0    Dex: 17    Spells: 2/2 levels left

rFire    . . .     SeeInvis .   a - +0 long sword
rCold    . . .     Gourm    .   (no shield)
rNeg     . . .     Faith    .   k - +0 ring mail
rPois    .         Spirit   .   c - +0 hat
rElec    .         Reflect  .   l - +0 cloak
rCorr    .         Harm     .   (no gloves)
MR       .....                  (no boots)
Stlth    ++........             (no amulet)
HPRegen  0.10/turn              (no ring)
MPRegen  0.08/turn              (no ring)

@: brilliant, agile, lethally poisoned (-5 -> -8)
A: retaliatory headbutt, horns 2
a: no special abilities


You were on level 2 of the Dungeon.
You were not hungry.

You visited 1 branch of the dungeon, and saw 2 of its levels.

You collected 96 gold pieces.

Inventory:

Hand Weapons
 a - a +0 long sword (weapon)
Missiles
 d - 3 throwing nets (quivered)
Armour
 b - a +0 leather armour
 c - a +0 hat (worn)
 k - a +0 ring mail (worn)
 l - a +0 cloak (worn)
Scrolls
 g - 4 scrolls of identify {unknown}
 i - 3 scrolls of teleportation {unknown}
 m - a scroll of random uselessness {unknown}
Potions
 e - a potion of might {unknown}
Comestibles
 f - 2 rations


   Skills:
 - Level 2.4 Fighting
 * Level 4.7 Long Blades
 - Level 2.0 Throwing
 + Level 1.7 Armour
 + Level 3.8 Dodging


You had 2 spell levels left.
You didn't know any spells.

Dungeon Overview and Level Annotations

Branches:
Dungeon (2/15)

Altars:


Innate Abilities, Weirdness & Mutations

You reflexively headbutt those who attack you in melee.
You have a pair of horns on your head.


Message History

You are poisoned.
The adder poisons you!
The gnoll hits you from afar with a spear.
The adder bites you.
You hit the adder.
You kill the adder!
You feel sick. The gnoll closely misses you. The goblin hits you with a club.
* * * LOW HITPOINT WARNING * * *
The gnoll barely misses you.
* * * LOW HITPOINT WARNING * * *
You feel sick.
* * * LOW HITPOINT WARNING * * *
You feel sick.
It was a potion of agility.
You feel agile all of a sudden.
It was a potion of brilliance.
You feel clever all of a sudden. The goblin misses you.
The gnoll hits you from afar with a spear!
You die...

#.####### #......#
........####......#
.............>....#
######.#####.#####
#.# #.# #.# #.# #.#
#.# ...# #.# #.#
.#....# #.#
#@###### .#....#
#.# #g##...#####
.#....####'##
#g##.....?.#
....#.##....#
#g##.......#
....#.##....#
##)##.......#
....#.##....#
#.r..Sg.....+
....#....#'##
#..####r....#
....'....#.# #..#
.....# ....#....#.#
#..# .S...#


You could see 2 gnolls, a goblin and a rat.

Vanquished Creatures
  A gnoll (D:2)
  2 adders (D:2)
  A worm (D:2)
  A dart slug (D:1)
  2 bats
  3 goblins (D:1)
  2 hobgoblins (D:1)
  2 kobolds (D:1)
  A frilled lizard (D:1)
  6 rats
21 creatures vanquished.

Vanquished Creatures (others)
  4 toadstools (D:1)
4 creatures vanquished.

Grand Total: 25 creatures vanquished

Notes
Turn   | Place    | Note
-------+----------+-------------------------------------------
     0 | D:1      | iamserjio the Minotaur Gladiator began the quest for the Orb.
     0 | D:1      | Reached XP level 1. HP: 18/18 MP: 0/0
    58 | D:1      | Reached skill level 4 in Long Blades
    75 | D:1      | Reached XP level 2. HP: 21/25 MP: 1/1
   203 | D:1      | Reached skill level 1 in Armour
   551 | D:2      | Reached XP level 3. HP: 26/30 MP: 2/2
   618 | D:2      | Slain by a gnoll

Vault maps used:
D:1:      ldierk_water_garden

Skill      XL: |  1  2 |
---------------+-------+-----
Long Blades    | 4 |  4.7
Armour         | 1 |  1.7
Fighting       | |  2.4
Throwing       | |  2.0
Dodging        | |  3.8

Action                   || total
-------------------------++-------
Melee: Long sword        ||    43
       Headbutt          ||     5
  Use: Potion            ||     2
Armor: Leather armour    ||     5
       Ring mail         ||     1
Dodge: Dodged            ||    41
       Rpst.: Long sword ||     9

Table legend:
 A = Spawn XP
 B = Non-spawn XP
 C = Spawn XP percentage of total XP
 D = Spawn monster count
 E = Non-spawn monster count
 F = Spawn count percentage of total count
 G = Total turns spent on level
                    A         B        C        D         E        F      G
               +---------+---------+-------+---------+---------+-------+---------
         Total |       0 |      73 |   0.0 |       0 |      21 |   0.0 |   618
               +---------+---------+-------+---------+---------+-------+---------
           D:1 |       0 |      24 |   0.0 |       0 |      15 |   0.0 |   501
           D:2 |       0 |      49 |   0.0 |       0 |       6 |   0.0 |   117
               +---------+---------+-------+---------+---------+-------+---------
